 Dungeon Crawl Stone Soup version 0.31-a0-164-g2312942fda (webtiles) character file.

Game seed: 14409972804044910784

65 Moral the Vexing (level 3, -2/20 HPs)
             Began as a Deep Elf Hexslinger on June 14, 2023.
             Constricted to death by Ijyb (5 damage)
             ... on level 3 of the Dungeon.
             The game lasted 00:06:24 (1612 turns).

Moral the Vexing (Deep Elf Hexslinger)              Turns: 1612, Time: 00:06:25

Health: -2/20      AC:  4    Str:  5    XL:     3   Next: 94%
Magic:  8/8        EV: 10    Int: 17    God:
Gold:   59         SH:  0    Dex: 19    Spells: 6/7 levels left

rFire   . . .        a - +1 sling
rCold   . . .        (no shield)
rNeg    . . .        c - +0 robe
rPois   .            h - +0 helmet
rElec   .            (no cloak)
rCorr   .            e - +0 pair of gloves
SInv    .            (no boots)
Will    .....        (no amulet)
Stlth   ++           (no ring)
HPRegen 0.23/turn    (no ring)
MPRegen 0.11/turn

%: no passive effects
@: grasped by roots, constricted
A: no striking features
a: no special abilities


You were on level 3 of the Dungeon.
You visited 1 branch of the dungeon, and saw 3 of its levels.

You collected 104 gold pieces.
You spent 45 gold pieces at shops.

Inventory:

Hand Weapons
 a - a +1 sling (weapon)
Armour
 c - a +0 robe (worn)
 e - a +0 pair of gloves (worn)
 h - a +0 helmet (worn)
Scrolls
 b - a scroll of poison
Potions
 d - 2 potions of heal wounds {unknown}
 f - 2 potions of might
 i - 2 potions of invisibility {unknown}
 j - a potion of mutation {unknown}


   Skills:
 + Level 1.1 Fighting
 * Level 3.6 Ranged Weapons
 + Level 2.9 Dodging
 + Level 1.3 Stealth
 * Level 2.6 Spellcasting
 * Level 4.6 Hexes


You had 6 spell levels left.
You knew the following spells:

 Your Spells              Type           Power      Damage    Failure   Level
a - Slow                  Hex            68%        N/A       2%          1

Your spell library contained the following spells:

 Spells                   Type           Power      Damage    Failure   Level
 Ensorcelled Hibernation  Hex/Ice        20%        N/A       11%         2
 Apportation              Tloc           4%         N/A       19%         1
 Necrotise                Necr           8%         1d4       19%         1
 Summon Small Mammal      Summ           8%         N/A       19%         1
 Inner Flame              Hex/Fire       10%        N/A       22%         3
 Portal Projectile        Hex/Tloc       20%        N/A       22%         3
 Cause Fear               Hex            8%         N/A       26%         4
 Spider Form              Tmut/Pois      2%         N/A       50%         3
 Anguish                  Hex/Necr       5%         N/A       56%         4
 Yara's Violent Unravell  Hex/Tmut       5%         3d4       89%         5
 Enfeeble                 Hex            8%         N/A       100%        7


Dungeon Overview and Level Annotations

Branches:
Dungeon (3/15)

Altars:
Trog

Shops:
D:2 *

Annotations:
D:3 Ijyb


Message History

Unknown command.
This spell is extremely dangerous to cast!
Memorise Inner Flame, consuming 3 spell levels and leaving 3?
Ijyb screams, "Get away!"
You start memorising the spell.
You continue memorising. x2
The goblin shoots a sling bullet.
Your memorisation is interrupted.
The sling bullet hits you.
Casting: Slow (safe; 2% risk of failure)
Confirm with . or Enter, or press ? or * to list all spells.
You don't know that spell.
Ijyb attacks as you move away! Ijyb barely misses you.
Ijyb attacks as you move away! Ijyb hits you but does no damage.
Ijyb attacks as you move away! Ijyb hits you but does no damage.
Ijyb zaps a wand.
The roots erupt in riotous growth!
The grasping roots grab you! The grasping roots constrict you.
You hear a shout!
You escape the roots grasp.
The goblin shoots a sling bullet.
The sling bullet hits you.
Ijyb zaps a wand.
The roots erupt in riotous growth!
The grasping roots grab you! The grasping roots constrict you.
You hear a shout!
As you read the scroll of revelation, it crumbles to dust.
You feel aware of your surroundings.
You sensed 1 shop/portal.
The grasping roots constrict you.
* * * LOW HITPOINT WARNING * * *
Okay, then.
As you read the scroll labelled SEGUTS POSTRAPO, it crumbles to dust.
It is a scroll of amnesia.
Really abort (and waste the scroll)?
Okay, then.
The goblin shoots a sling bullet.
The sling bullet barely misses you. The grasping roots constrict you.
* * * LOW HITPOINT WARNING * * *
As you read the scroll labelled PAK WUETACH, it crumbles to dust.
It is a scroll of identify.
f - 2 potions of might The goblin closely misses you.
Ijyb hits you but does no damage. The grasping roots constrict you.
You die...

###...##.......##.#8,
####≈≈...≈≈#########.#*,
##≈≈≈≈...≈≈≈≈##*** #.#*8
#≈≈≈##'''##≈≈≈≈≈~**#.#*,
#≈≈≈#.....#≈≈≈≈≈~~*#.#8,
#...#.....#.....~~~#.#*,
#...#.)†..#.g...,~~#.#*8
##)##.....##'##.,~~#.#**
#...#..@..#...#,,~~#.###
#...#.gg..#...#,,~~#....
#...#..)..#...#,,~~#####
##'##.....##+##,,~~*
#...g........#.,,~~*
#............#.,,~~*
#...##########.,,~~*
#...#.......###**~~*
#...'.gg...,+,,,*~~*


You could see Ijyb and 2 goblins.

Vanquished Creatures
  4 adders
  2 worms (D:2)
  A bat (D:1)
  4 endoplasms
  5 goblins
  3 jackals (D:3)
  A quokka (D:2)
  A ball python (D:1)
  A frilled lizard (D:1)
  A kobold (D:2)
  A rat (D:1)
24 creatures vanquished.

Notes
Turn   | Place    | Note
-------+----------+-------------------------------------------
     0 | D:1      | Moral the Deep Elf Hexslinger began the quest for the Orb.
     0 | D:1      | Reached XP level 1. HP: 11/11 MP: 5/5
   631 | D:2      | Reached XP level 2. HP: 16/16 MP: 4/6
   707 | D:2      | Reached skill level 1 in Fighting
   961 | D:2      | Found Hautaasch's General Store.
   970 | D:2      | Bought a +0 helmet for 45 gold pieces
  1049 | D:2      | Reached skill level 1 in Stealth
  1049 | D:2      | Reached XP level 3. HP: 20/20 MP: 5/8
  1365 | D:3      | Found a bloodstained altar of Trog.
  1596 | D:3      | Noticed Ijyb
  1612 | D:3      | Constricted to death by Ijyb

Illustrated notes

Levels and vault maps discovered:
D:1:      lemuel_arrival_river_ford, layout_basic, nicolae_the_louvre
D:2:      layout_rooms, serial_shops, nicolae_shop_trees
D:3:      kennysheep_goblin_castle, layout_basic,
          nicolae_overflow_hidden_temple, serial_shops, shop,
          guppyfry_early_orc_mine

Skill      XL: |  1  2 |
---------------+-------+-----
Ranged Weapons | 3 |  3.6
Fighting       | 1 |  1.1
Spellcasting   | 2 |  2.6
Stealth        | 1 |  1.3
Dodging        | |  2.9
Hexes          | |  4.6

Action                     || total
---------------------------++-------
   Fire: Sling             ||    88
   Cast: Slow              ||    13
    Use: Scroll            ||     7
 Armour: Robe              ||    10
  Dodge: Dodged            ||    27

Table legend: (Time is in decaauts)
 A = Elapsed time spent in this place.
 B = Non-inter-level travel time spent in this place.
 C = Inter-level travel time spent in this place.
 D = Time resting spent in this place.
 E = Time spent auto-exploring this place.
 F = Levels seen in this place.
 G = Mean time per level.
                   A        B        C        D        E       F      G
               +--------+--------+--------+--------+--------+-----+--------+
         Total |   1637 |   1583 |     54 |    265 |    984 |   3 |  545.7 |
       Dungeon |   1637 |   1583 |     54 |    265 |    984 |   3 |  545.7 |
               +--------+--------+--------+--------+--------+-----+--------+

Top non-repeatable levels by time:
     D:2: 713 daAuts
     D:1: 635 daAuts
     D:3: 288 daAuts
